Construct Weapon Support Center
Selects Airborne Battlegroup
Selects Heavy Machine Gun Paradrop
Heavy Machine Gun Paradrop
Heavy Machine Gun Paradrop
Mechanized Support Center
Selects Paratrooper Squad Paradrop
Paratrooper Squad Paradrop
M3 75 mm Gun Motor Carriage
M16 Multiple Gun Motor Carriage
Paratrooper Squad Paradrop
Selects Anti-tank Gun Team Paradrop
Selects Paradrop Reinforcements
Construct Medical Station
M4(105) Sherman Bulldozer
Selects Carpet Bombing Run
M4A1(76) Sherman Medium Tank
Paratrooper Squad Paradrop
M3 Armored Personnel Carrier